 Dungeon Crawl Stone Soup version 0.30-a0-808-g6e0788376e (webtiles) character file.

Game seed: 7038652571458500660

127248 cheesebisquit the Warrior (level 17, -4/149 HPs)
             Began as a Merfolk Fighter on Feb 25, 2023.
             Was a High Priest of Okawaru.
             Slain by a spark wasp (11 damage)
             ... on level 2 of the Spider Nest.
             The game lasted 03:01:40 (32698 turns).

cheesebisquit the Warrior (Merfolk Fighter)        Turns: 32698, Time: 03:01:41

Health: -4/149     AC: 31    Str: 26    XL:     17   Next: 0%
Magic:  15/23      EV: 15    Int:  6    God:    Okawaru [*****.]
Gold:   1551       SH: 30    Dex: 18    Spells: 15/24 levels left

rFire   + . .      SeeInvis +    Y - +8 demon trident (venom)
rCold   . . .      Faith    .    T - +10 tower shield of Ignorance {rN+ Int-4}
rNeg    + . .      Spirit   .    Q - +3 plate armour {rF+}
rPois   .          Reflect  .    A - +2 helmet
rElec   .          Harm     .    g - +2 cloak
rCorr   .          Rampage  .    i - +0 pair of gloves of Recklessness {Will+}
Will    +++..                    W - +2 pair of boots
Stlth   ++                       X - amulet "Viuryluu" {Fly Will+ Regen+}
HPRegen 1.24/turn                Z - ring "Hierim" {Dex+3 Slay+3 SInv}
MPRegen 0.18/turn                s - +6 ring of strength

@: heroic, finesse-ful, marked, flying
A: (nimble swimmer 2), mertail
a: Renounce Religion, Heroism, Finesse, Duel


You were on level 2 of the Spider Nest.
You worshipped Okawaru.
Okawaru was extremely pleased with you.
You visited 5 branches of the dungeon, and saw 25 of its levels.
You also visited: Sewer and Ice Cave.

You collected 3951 gold pieces.
You spent 2400 gold pieces at shops.

Inventory:

Hand Weapons
 a - a +6 trident of electrocution
 p - a +2 trident of freezing
 L - the +9 bardiche "Grum" {drain, rElec rN+ Dex+3}
   (You acquired it on level 9 of the Dungeon)

   Dex:       It affects your dexterity (+3).
   rElec:     It insulates you from electricity.
   rN:        It protects you from negative energy.
 Y - a +8 demon trident of venom (weapon)
Missiles
 c - 4 boomerangs (quivered)
 m - 6 silver javelins
 u - 5 curare-tipped darts
 v - 28 poisoned darts
 D - 3 javelins
 P - a silver boomerang
 S - a throwing net
Armour
 g - a +2 cloak (worn)
 i - the +0 pair of gloves of Recklessness (worn) {Will+}
   (You found it on level 13 of the Dungeon)

   Will:      It increases your willpower.
 A - a +2 helmet (worn)
 Q - a +3 plate armour of fire resistance (worn)
 T - the +10 tower shield of Ignorance (worn) {rN+ Int-4}
   (You found it on level 11 of the Dungeon)

   Int:       It affects your intelligence (-4).
   rN:        It protects you from negative energy.
 W - a +2 pair of boots (worn)
Jewellery
 j - a ring of poison resistance
 s - a +6 ring of strength (right hand)
 w - an amulet of reflection
 y - a ring of protection from fire
 I - an amulet of guardian spirit
 V - a ring of protection from cold
 X - the amulet "Viuryluu" (around neck) {Fly Will+ Regen+}
   (You bought it in a shop on level 9 of the Dungeon)

   [amulet of regeneration]

   Fly:       It grants you flight.
   Regen:     It increases your rate of health regeneration.
   Will:      It increases your willpower.
 Z - the ring "Hierim" (left hand) {Dex+3 Slay+3 SInv}
   (You found it on level 4 of the Lair of Beasts)

   [ring of see invisible]

   Dex:       It affects your dexterity (+3).
   Slay:      It affects your accuracy & damage with ranged weapons and melee
   (+3).
   SInv:      It lets you see invisible.
Wands
 l - a wand of digging (9)
 B - a wand of roots (37)
 K - a wand of polymorph (3)
 M - a wand of flame (19)
 O - a wand of quicksilver (10)
Scrolls
 b - 6 scrolls of poison
 h - 5 scrolls of vulnerability
 o - 16 scrolls of teleportation
 q - a scroll of fear
 t - a scroll of fog
 x - 2 scrolls of torment
 N - 5 scrolls of immolation
 R - a scroll of magic mapping
 U - a scroll of silence
Potions
 d - 2 potions of berserk rage
 e - a potion of ambrosia
 f - 10 potions of curing
 k - 2 potions of mutation
 n - 4 potions of brilliance
 r - 5 potions of lignification
 z - 3 potions of flight
 C - 5 potions of cancellation
 E - a potion of might
 F - a potion of magic
 H - 3 potions of invisibility


   Skills:
 + Level 18.0(23.0) Fighting
 - Level 16.0(21.0) Polearms
 - Level 8.0(13.0) Throwing
 - Level 8.0(13.0) Armour
 - Level 14.0(19.0) Dodging
 - Level 10.0(15.0) Stealth
 - Level 10.0(15.0) Shields
 - Level 4.0 Spellcasting
 - Level 5.0 Ice Magic
 - Level 6.0 Invocations
 - Level 4.0 Evocations


You had 15 spell levels left.
You knew the following spells:

 Your Spells              Type           Power      Damage    Failure   Level
a - Frozen Ramparts       Ice            14%        1d3       98%         3
b - Ozocubu's Armour      Ice            7%         N/A       98%         3
c - Hailstorm             Conj/Ice       4%         3d4       100%        3

Your spell library contained the following spells:

 Spells                   Type           Power      Damage    Failure   Level
 Freeze                   Ice            28%        1d5       77%         1
 Necrotise                Necr           4%         1d4       100%        1
 Blink                    Tloc           2%         N/A       100%        2
 Cigotuvi's Dreadful Rot  Necr/Pois/Air  2%         N/A       100%        2
 Lesser Beckoning         Tloc           2%         N/A       100%        2
 Momentum Strike          Conj/Tloc      2%         3d8       100%        2
 Stone Arrow              Conj/Erth      2%         3d7       100%        3
 Vampiric Draining        Necr           1%         2d6       100%        3
 Airstrike                Air            0%         2d(1-17)  100%        4
 Anguish                  Hex/Necr       0%         N/A       100%        4
 Dispel Undead            Necr           1%         3d6       100%        4
 Passage of Golubria      Tloc           1%         N/A       100%        4
 Agony                    Necr           1%         N/A       100%        5
 Borgnjor's Vile Clutch   Necr/Erth      0%         N/A       100%        5
 Lightning Bolt           Conj/Air       0%         1d11      100%        5
 Yara's Violent Unravell  Hex/Tmut       0%         3d3       100%        5
 Enfeeble                 Hex            0%         N/A       100%        7
 Ozocubu's Refrigeration  Ice            3%         4d8       100%        7
 Lehudib's Crystal Spear  Conj/Erth      0%         10d2      100%        8
 Summon Small Mammal      Summ           Unusable   N/A       N/A         1
 Call Canine Familiar     Summ           Unusable   N/A       N/A         3
 Summon Guardian Golem    Hex/Summ       Unusable   N/A       N/A         3
 Tukima's Dance           Hex            Unusable   N/A       N/A         3
 Animate Armour           Summ/Erth      Unusable   N/A       N/A         4
 Animate Dead             Necr           Unusable   N/A       N/A         4
 Summon Lightning Spire   Summ/Air       Unusable   N/A       N/A         4
 Death Channel            Necr           Unusable   N/A       N/A         6

Dungeon Overview and Level Annotations

Branches:
Dungeon (15/15)            Temple (1/1) D:6            Lair (5/5) D:10
  Swamp (0/4) Lair:3       Spider (2/4) Lair:3        Slime (0/5) Lair:4
    Orc (2/2) D:12            Elf (0/3) Orc:2        Vaults (0/5) D:14
 Depths (0/4) D:15          Sewer (visited)           IceCv (visited)

Altars:
Ashenzari
Cheibriados
Dithmenos
Elyvilon
Fedhas
Gozag
Hepliaklqana
Kikubaaqudgha
Makhleb
Nemelex Xobeh
Okawaru
Qazlal
Ru
Sif Muna
Trog
Uskayaw
Vehumet
Wu Jian
Xom
Yredelemnul
Zin
The Shining One
Jiyva

Shops:
D:4 [   D:9 *=*[:   D:15 ?   Orc:2 ([=*


Innate Abilities, Weirdness & Mutations

((You are very nimble when in or above water. (Stealth+, EV+, Speed+++)))
Your lower body shifts to a powerful aquatic tail in water.


Message History

Okay, then.
You can now deal lightning-fast blows.
You feel very sick. You block the redback's attack.
A spark wasp comes into view.
You block the culicivora's attack. The wolf spider hits you.
* * * LOW HITPOINT WARNING * * *
The wolf spider misses you. The redback bites you.
* * * LOW HITPOINT WARNING * * *
You block the spark wasp's attack. You block the redback's attack.
You feel much better.
You feel very sick.
You kill the wolf spider!
Okawaru accepts your kill. You block the culicivora's attack.
The redback bites you but does no damage.
You block the spark wasp's attack. The redback closely misses you.
You block the redback's attack. You block the culicivora's attack.
The pharaoh ant barely misses you.
The redback bites you but does no damage.
You block the redback's attack.
The spark wasp stings you but does no damage.
You have reached level 17!
You feel better. The redback closely misses you.
You block the culicivora's attack. You block the pharaoh ant's attack.
You block the redback's attack. You block the spark wasp's attack.
You block the redback's attack.
The redback bites you but does no damage.
You feel better. You block the culicivora's attack.
You block the pharaoh ant's attack. You block the redback's attack.
The spark wasp stings you but does no damage.
The redback bites you!
* * * LOW HITPOINT WARNING * * *
The redback bites you but does no damage.
You block the culicivora's attack.
A moth of wrath comes into view.
The pharaoh ant bites you!!
* * * LOW HITPOINT WARNING * * *
The redback closely misses you. The spark wasp stings you!
You die...

####
#####...##
##..#.....#
..........
.y.^.....
####ssy.....
#..B@#
#...yss#
#........#
......$#...#
...........#
.##.......##
##.....##
##..###


You could see 2 spark wasps, a moth of wrath, a culicivora, a pharaoh ant and 3
redbacks.

Vanquished Creatures
  Rupert (D:12)
  Jorgrun (D:13)
  A frost giant (IceCv)
  A caustic shrike zombie (D:15)
  The ghost of Nialiw the Quickloader, a journeyman GnHu of Okawaru (D:13)
  2 orc warlords (Orc:2)
  The ghost of cforsyth the Unseen, an adept KoBr of Hepliaklqana (D:15)
  Nessos (Lair:4)
  2 entropy weavers (Spider:1)
  Fannar (Lair:2)
  4 boulder beetles
  19 two-headed ogres
  4 centaur warriors
  2 hydras
  3 catoblepae
  A radroach (Spider:1)
  A rakshasa (D:13)
  4 ogre magi
  Erica (Orc:1)
  A vampire mage (D:15)
  20 death yaks
  An orc high priest (Orc:2)
  2 titan skeletons (D:15)
  A skyshark (Lair:1)
  Nergalle (Lair:3)
  A deep elf knight (D:14)
  5 skeletal warriors
  A pharaoh ant (Spider:1)
  A bog body (Lair:2)
  A necromancer (D:15)
  4 deep elf pyromancers
  A deep elf zephyrmancer (D:14)
  5 wolf spiders
  A fire giant zombie (D:15)
  9 orc knights
  3 orc sorcerers (Orc:2)
  2 cyclopes
  The ghost of limecruiser the Covert, a novice FeBe of Trog (Orc:1)
  An ugly thing (D:13)
  2 moths of wrath
  8 slime creatures (D:13)
  3 manticores
  2 ice statues
  3 black mambas
  A torpor snail (Lair:4)
  2 gargoyles (D:12)
  4 demonic crawlers
  6 cane toads
  An unseen horror (shapeshifter) (D:14)
  6 komodo dragons
  Psyche (D:12)
  8 rime drakes
  6 kobold demonologists
  3 ice devils
  5 yaktaurs (D:14)
  2 efreet
  An unseen horror (D:12)
  A guardian mummy (D:15)
  16 trolls
  10 polar bears
  A meliai (Lair:2)
  5 hornets (Lair:5)
  6 saltlings (Orc:2)
  5 tarantellas
  13 blink frogs
  Prince Ribbit (D:7)
  Sigmund (D:3)
  9 dream sheep
  9 jumping spiders
  15 spriggans (Lair:5)
  2 wraiths
  3 culicivoras (Spider:1)
  A culicivora (shapeshifter) (D:15)
  2 shadows (D:12)
  55 yaks
  A vampire (D:14)
  2 wyverns
  A steam dragon (D:7)
  11 vampire mosquitoes
  6 basilisks
  23 redbacks
  Menkaure (D:4)
  3 swamp worms (Lair:4)
  3 wargs
  2 harpy simulacra (Lair:2)
  12 water moccasins
  Duvessa (D:3)
  A swamp drake (D:12)
  19 orc warriors
  2 ice beasts (D:8)
  6 black bears
  32 wolves
  4 boggarts (Lair:5)
  14 ogres
  2 phantoms
  11 centaurs
  9 kobold brigands
  12 bullfrogs
  A gnoll sergeant (D:8)
  2 scorpions
  Dowan (D:3)
  An elephant simulacrum (Lair:2)
  11 killer bees
  2 howler monkeys
  9 electric eels
  2 jellies
  17 orc priests
  4 hounds
  A gnoll bouda (Orc:1)
  4 iguanas
  28 orc wizards
  A spriggan simulacrum (Lair:2)
  A troll simulacrum (Lair:2)
  Robin (D:3)
  9 adders
  10 gnolls
  A shadow imp (D:5)
  5 white imps
  An ufetubus (D:4)
  A worm (D:1)
  3 dart slugs
  80 orcs
  5 ball pythons
  4 bats
  6 endoplasms
  7 giant cockroaches
  14 goblins
  6 hobgoblins
  10 jackals
  31 kobolds
  6 quokkas
  4 frilled lizards
799 creatures vanquished.

Vanquished Creatures (others)
  A gnoll (Orc:1)
  20 fungi
  A pillar of salt (Orc:2)
  38 plants
  7 withered plants (D:15)
67 creatures vanquished.

Grand Total: 866 creatures vanquished

Notes
Turn   | Place    | Note
-------+----------+-------------------------------------------
     0 | D:1      | cheesebisquit the Merfolk Fighter began the quest for the
                  | Orb.
     0 | D:1      | Reached XP level 1. HP: 18/18 MP: 1/1
    75 | D:1      | Reached XP level 2. HP: 19/24 MP: 2/2
   338 | D:1      | Reached XP level 3. HP: 29/29 MP: 3/3
   606 | D:1      | Reached skill level 5 in Polearms
  1167 | D:2      | Reached XP level 4. HP: 35/35 MP: 4/4
  1892 | D:3      | Noticed Sigmund
  1914 | D:3      | Killed Sigmund
  1915 | D:3      | Reached XP level 5. HP: 40/41 MP: 5/5
  1915 | D:3      | Reached XP level 6. HP: 45/47 MP: 6/6
  2161 | D:3      | Found a faded altar of an unknown god.
  2584 | D:4      | Found a bloodstained altar of Trog.
  2585 | D:4      | Noticed Menkaure
  2601 | D:4      | Killed Menkaure
  2602 | D:4      | Reached skill level 10 in Polearms
  2602 | D:4      | Reached XP level 7. HP: 29/52 MP: 7/7
  2982 | D:4      | Found Zyoremuo's Antique Armour Emporium.
  2999 | D:4      | Bought a cloak for 121 gold pieces
  3078 | D:4      | Noticed Duvessa
  3078 | D:4      | Noticed Dowan
  3131 | D:3      | Killed Duvessa
  3145 | D:3      | Killed Dowan
  3236 | D:4      | Noticed Robin
  3279 | D:3      | Killed Robin
  3280 | D:3      | Reached XP level 8. HP: 55/58 MP: 8/8
  3763 | D:4      | Found a bloodstained altar of Trog.
  3895 | D:4      | Found Zyoremuo's Antique Armour Emporium.
  4222 | D:5      | Entered Level 5 of the Dungeon
  4425 | D:5      | Identified the +3 buckler of the Brewing Gods {rN+ Int+3}
  4542 | D:5      | Found a faded altar of an unknown god.
  4542 | D:5      | Found a shadowy altar of Dithmenos.
  4550 | D:5      | Found a faded altar of an unknown god.
  4552 | D:5      | Found a basalt altar of Yredelemnul.
  4554 | D:5      | Found a stormy altar of Qazlal.
  5265 | D:6      | Found a glowing drain.
  5276 | Sewer    | Entered a sewer
  5947 | D:6      | Reached skill level 1 in Dodging
  5966 | D:6      | Found a staircase to the Ecumenical Temple.
  5974 | Temple   | Entered the Ecumenical Temple
  5974 | Temple   | Found a transporter.
  5974 | Temple   | Found a transporter.
  5976 | Temple   | Found a transporter.
  5976 | Temple   | Found a transporter.
  6181 | D:6      | Reached XP level 9. HP: 56/64 MP: 9/9
  6400 | D:6      | Reached skill level 5 in Dodging
  7180 | D:6      | Found a staircase to the Ecumenical Temple.
  8023 | D:7      | Noticed Prince Ribbit
  8037 | D:7      | Killed Prince Ribbit
  8187 | D:7      | Reached skill level 1 in Stealth
  8296 | D:7      | Reached skill level 1 in Throwing
  9016 | D:3      | Found a faded altar of an unknown god.
  9457 | D:7      | Reached skill level 4 in Fighting
 10239 | D:8      | Reached XP level 10. HP: 71/71 MP: 10/10
 10425 | D:8      | Noticed a two-headed ogre
 10438 | D:8      | Killed a two-headed ogre
 11037 | D:9      | Found Daeleime's Armour Boutique.
 11112 | D:9      | Found Irphok's Assorted Antiques.
 11149 | D:9      | Identified the +4 rapier of the Evening {heavy, Will+ Dex-2
                  | SInv}
 11184 | D:9      | Bought a scroll labelled KETOEFENEJ for 31 gold pieces
 11184 | D:9      | Bought a scroll labelled NEMMINW OPNAIS for 31 gold pieces
 11184 | D:9      | Bought a scroll of teleportation for 93 gold pieces
 11184 | D:9      | Bought a scroll labelled FELIXT DASUNIR for 31 gold pieces
 11184 | D:9      | Bought a scroll labelled GITHOR SABE for 31 gold pieces
 11184 | D:9      | Bought a scroll labelled VUOKLU SIOSK for 31 gold pieces
 11196 | D:9      | Identified 2 scrolls of acquirement
 11196 | D:9      | Acquired 646 gold pieces
 11198 | D:9      | Acquired the +9 bardiche "Grum" {drain, rElec rN+ Dex+3}
 11363 | D:9      | Bought a +3 plate armour of fire resistance for 765 gold
                  | pieces
 11448 | D:9      | Found Qeedeteph's Book Emporium.
 11639 | D:9      | Found Xaysanag's Jewellery Boutique.
 11676 | D:9      | Found Odirchem's Fire Supplies.
 11695 | D:9      | Bought a scroll of immolation for 48 gold pieces
 11969 | D:10     | Entered Level 10 of the Dungeon
 12329 | D:10     | Found an iron altar of Okawaru.
 12399 | D:10     | Became a worshipper of Warmaster Okawaru
 12442 | D:10     | Reached skill level 5 in Stealth
 12533 | D:10     | Found a staircase to the Lair.
 12612 | D:10     | Reached skill level 15 in Polearms
 12623 | D:10     | Reached * piety under Okawaru
 12878 | D:11     | Noticed a boulder beetle
 12889 | D:11     | Killed a boulder beetle
 12890 | D:11     | Reached XP level 11. HP: 72/77 MP: 9/11
 12967 | D:11     | Found the +10 tower shield of Ignorance {rN+ Int-4}
 13047 | D:11     | Noticed a two-headed ogre
 13055 | D:11     | Killed a two-headed ogre
 13055 | D:11     | Reached ** piety under Okawaru
 13056 | D:11     | Reached skill level 5 in Fighting
 13240 | D:11     | Reached skill level 6 in Fighting
 13526 | D:11     | Reached skill level 5 in Shields
 14353 | D:12     | Reached *** piety under Okawaru
 14423 | D:12     | Noticed Rupert
 14425 | D:12     | Paralysed by Rupert for 5 turns
 14439 | D:12     | Noticed a two-headed ogre
 14657 | D:12     | Killed a two-headed ogre
 14658 | D:12     | Reached skill level 5 in Armour
 14776 | D:12     | Noticed a two-headed ogre
 14781 | D:12     | Noticed a manticore
 14795 | D:12     | Killed a two-headed ogre
 14795 | D:12     | Reached **** piety under Okawaru
 14801 | D:12     | Killed a manticore
 14801 | D:12     | Received a gift from Okawaru
 14802 | D:12     | Reached skill level 1 in Invocations
 14913 | D:12     | Noticed Psyche
 14924 | D:12     | Killed Psyche
 14928 | D:12     | Paralysed by Rupert for 2 turns
 14933 | D:12     | Paralysed by Rupert for 4 turns
 14945 | D:12     | Paralysed by Rupert for 5 turns
 14980 | D:12     | Killed Rupert
 14981 | D:12     | Reached XP level 12. HP: 73/89 MP: 3/15
 15143 | D:12     | Reached skill level 7 in Fighting
 15186 | D:11     | Acquired a +4 glaive of distortion
 15435 | D:12     | Reached skill level 8 in Fighting
 15561 | D:12     | Found a staircase to the Orcish Mines.
 15782 | Lair:1   | Entered Level 1 of the Lair of Beasts
 15850 | D:10     | Reached skill level 9 in Fighting
 16233 | Lair:1   | Reached skill level 10 in Fighting
 16238 | Lair:1   | Reached ***** piety under Okawaru
 16596 | Lair:2   | Reached skill level 5 in Invocations
 16723 | Lair:2   | Noticed Fannar
 16762 | Lair:2   | Killed Fannar
 16762 | Lair:2   | Received a gift from Okawaru
 16985 | Lair:2   | Received a gift from Okawaru
 16986 | Lair:2   | Reached skill level 11 in Fighting
 16992 | Lair:2   | Noticed a skyshark
 17012 | Lair:1   | Killed a skyshark
 17096 | Lair:2   | Reached XP level 13. HP: 104/106 MP: 15/17
 17206 | Lair:2   | Reached skill level 12 in Fighting
 17972 | Lair:2   | Reached skill level 5 in Throwing
 18001 | Lair:2   | Received a gift from Okawaru
 18813 | Lair:3   | Found a hole to the Spider Nest.
 18833 | Lair:3   | Found a staircase to the Swamp.
 19049 | D:9      | Bought the amulet "Viuryluu" {Fly Will+ Regen+} for 491
                  | gold pieces
 19284 | Lair:3   | Received a gift from Okawaru
 19291 | Lair:3   | Acquired the +3 warlock's mirror {omnireflect}
 19291 | Lair:3   | Found the +3 warlock's mirror {omnireflect}
 19333 | Lair:3   | Acquired a +3 demon trident of venom
 19337 | Lair:3   | Acquired 443 gold pieces
 19369 | Lair:3   | Reached skill level 13 in Fighting
 19394 | Lair:3   | Noticed Nergalle
 19403 | Lair:3   | Identified the +0 buckler of Okawaru's Hope {-Tele Drain
                  | Fly rElec SInv} (Okawaru gifted it to you on level 3 of the
                  | Lair of Beasts)
 19403 | Lair:3   | Received a gift from Okawaru
 19611 | Lair:3   | Killed Nergalle
 19654 | Lair:2   | Reached ****** piety under Okawaru
 19655 | Lair:2   | Reached skill level 14 in Fighting
 20144 | Lair:4   | Noticed Nessos
 20187 | Lair:4   | Killed Nessos
 20329 | Lair:3   | Reached XP level 14. HP: 93/121 MP: 18/18
 20387 | Lair:4   | Reached skill level 15 in Fighting
 20881 | Lair:4   | Identified the ring "Hierim" {Dex+3 Slay+3 SInv}
 20990 | Lair:4   | Found a staircase to the Slime Pits.
 20992 | Lair:4   | Found a viscous altar of Jiyva.
 21169 | Lair:5   | Entered Level 5 of the Lair of Beasts
 21464 | Lair:5   | Reached skill level 16 in Fighting
 21643 | Lair:5   | Received a gift from Okawaru
 21907 | Lair:5   | Reached skill level 17 in Fighting
 22178 | Lair:5   | Learned a level 3 spell: Frozen Ramparts
 22182 | Lair:5   | Learned a level 3 spell: Ozocubu's Armour
 22186 | Lair:5   | Learned a level 3 spell: Hailstorm
 22806 | Orc:1    | Entered Level 1 of the Orcish Mines
 22941 | Orc:1    | Found a bloodstained altar of Trog.
 22942 | Orc:1    | Noticed limecruiser's ghost (novice FeBe)
 22948 | Orc:1    | Found a transporter.
 23040 | Orc:1    | Noticed Erica
 23061 | Orc:1    | Killed Erica
 23182 | Orc:1    | Found a transporter.
 23415 | Orc:2    | Entered Level 2 of the Orcish Mines
 23656 | Orc:2    | Found a staircase to the Elven Halls.
 24053 | Orc:2    | Reached skill level 18 in Fighting
 24066 | Orc:2    | Reached skill level 1 in Ice Magic
 24155 | Orc:2    | Found Set Xej's General Store.
 24161 | Orc:2    | Bought a wand of roots (6) for 187 gold pieces
 24178 | Orc:2    | Noticed an orc warlord
 24198 | Orc:2    | Killed an orc warlord
 24198 | Orc:2    | Received a gift from Okawaru
 24199 | Orc:2    | Reached skill level 1 in Spellcasting
 24210 | Orc:2    | Reached XP level 15. HP: 122/136 MP: 13/19
 24262 | Orc:2    | Found Pesyhoem's Antique Armour Boutique.
 24266 | Orc:2    | Found Neudan's Antique Weapon Boutique.
 24276 | Orc:2    | Bought a pair of embroidered boots for 240 gold pieces
 24293 | Orc:2    | Found Vucua's Jewellery Shop.
 24293 | Orc:2    | Noticed an orc warlord
 24313 | Orc:2    | Killed an orc warlord
 24313 | Orc:2    | Identified the +3 shadow dragon scales "Xoobuoph" {+Blink
                  | rPois Stlth++++} (Okawaru gifted it to you on level 2 of
                  | the Orcish Mines)
 24313 | Orc:2    | Received a gift from Okawaru
 24559 | Orc:2    | Reached skill level 5 in Ice Magic
 25193 | Orc:2    | Found Vucua's Jewellery Shop.
 25203 | Orc:2    | Found Neudan's Antique Weapon Boutique.
 25205 | Orc:2    | Found Pesyhoem's Antique Armour Boutique.
 25305 | Orc:2    | Found Set Xej's General Store.
 25507 | Orc:1    | Killed limecruiser's ghost
 26727 | D:13     | Found a frozen archway.
 26755 | IceCv    | Entered an ice cave
 27030 | IceCv    | Noticed a frost giant
 27053 | IceCv    | Killed a frost giant
 27522 | D:13     | Found a large runed translucent door.
 27523 | D:13     | Found a large runed translucent door.
 27525 | D:13     | Noticed Nialiw's ghost (journeyman GnHu)
 27690 | D:13     | Identified the +0 pair of gloves of Recklessness {Will+}
 27746 | D:13     | Found a shadowy altar of Dithmenos.
 27748 | D:13     | Noticed Jorgrun
 27778 | D:13     | Killed Jorgrun
 28059 | D:13     | Killed Nialiw's ghost
 28276 | D:13     | Received a gift from Okawaru
 28277 | D:13     | Reached skill level 10 in Dodging
 28532 | D:14     | Reached XP level 16. HP: 143/143 MP: 22/22
 28706 | D:14     | Identified the +2 buckler of Okawaru's Benevolence {MP+9
                  | Str+4} (Okawaru gifted it to you on level 14 of the
                  | Dungeon)
 28706 | D:14     | Received a gift from Okawaru
 28952 | D:14     | Found a gate to the Vaults.
 29331 | D:15     | Entered Level 15 of the Dungeon
 29351 | D:15     | Reached skill level 10 in Stealth
 29512 | D:15     | Found a staircase to the Depths.
 29638 | D:15     | Found Axzustreu's Magic Scroll Shoppe.
 29646 | D:15     | Bought a scroll of identify for 24 gold pieces
 29646 | D:15     | Bought a scroll of enchant weapon for 90 gold pieces
 29646 | D:15     | Bought a scroll of fog for 48 gold pieces
 29646 | D:15     | Bought a scroll of magic mapping for 90 gold pieces
 29646 | D:15     | Bought a scroll of fear for 48 gold pieces
 29833 | D:15     | Found a large runed translucent door.
 29834 | D:15     | Found a large runed translucent door.
 29837 | D:15     | Noticed cforsyth's ghost (adept KoBr)
 30535 | D:15     | Killed cforsyth's ghost
 30535 | D:15     | Received a gift from Okawaru
 30567 | D:15     | Identified the ring "Qefufial" {Fly Will+ SInv}
 30893 | D:14     | Found a gate to the Vaults.
 31446 | Spider:1 | Entered Level 1 of the Spider Nest
 31583 | Spider:1 | Reached skill level 10 in Shields
 32245 | Spider:1 | Received a gift from Okawaru
 32697 | Spider:2 | Reached XP level 17. HP: 27/149 MP: 15/23
 32698 | Spider:2 | HP: 7/149 [pharaoh ant (20)]
 32698 | Spider:2 | Slain by a spark wasp

Illustrated notes

Levels and vault maps discovered:
D:1:      tarquinn_simple_flora_water_a, layout_basic, nicolae_wormholes
D:2:      layout_loops_ring, corexii_item_surrounded_by_moat
D:3:      layout_rooms, hellmonk_ecumenical_altar_arch_garden, uniq_sigmund
D:4:      layout_basic, mainiacjoe_overflow_boulevard, serial_shops,
          nicolae_diamond_shop, uniq_robin, uniq_menkaure, uniq_duvessa
D:5:      layout_basic, chequers_temple_overflow_minitemple
D:6:      layout_loops_corners, minmay_temple_entry_mini_moons,
          cheibrodos_sewer_entry_drain
D:7:      layout_gridville, uniq_prince_ribbit1
D:8:      layout_cave_pools, serial_bayou, serial_bayou_ford_a,
          serial_bayou_pond_b, serial_bayou_pond_d, serial_bayou_lagoon_b,
          hangedman_minor_gate_pass
D:9:      layout_roguey, serial_shops, kennysheep_mini_moat,
          nicolae_shop_temple_entry_statues_fountains, shop_fountains, shop,
          nicolae_shop_fire_sale [nicolae_sub_dead_trees]
D:10:     layout_basic, mainiacjoe_overflow_alcove_4, erik_lair_orcish_takeover
D:11:     layout_layer_cave
D:12:     layout_big_octagon, erik_orc_1, serial_bayou_pond_b, uniq_rupert,
          uniq_psyche
D:13:     layout_basic, portal_ice_cave_demonic_guard,
          ebering_ghost_disaster_area, nicolae_dithmenos_shadow_blocks,
          uniq_jorgrun
D:14:     layout_long_grid, hangedman_vaults_entry_quadrant_bands, minivault_11
D:15:     gammafunk_depths_entry_grave, layout_cave_pods, serial_bayou_pond_e,
          serial_shops, nicolae_shop_temple_entry_statues_fountains,
          ebering_ghost_disaster_area, st_stairs_2, lemuel_flamethrower_2
Temple:   hellmonk_temple_divided_pantheon
Lair:1:   layout_cave_shapes, lemuel_fruit_fields
Lair:2:   dreamdust_isle_of_ice, layout_cave_shapes, uniq_fannar
Lair:3:   layout_long_grid, swamp_mist, hellmonk_spider_entry_not_the_bees,
          uniq_nergalle
Lair:4:   layout_gridlike, slime_entry_1, worms_lemuel, lemuel_fruit_tree,
          uniq_nessos
Lair:5:   minmay_lair_end_enchanted_forest, layout_regular_city
Spider:1: layout_spider_delve
Spider:2: layout_spider_delve, nicolae_spider_twisty_arc_passages, uniq_arachne
Orc:1:    layout_caves, gammafunk_ghost_wrathful_warriors, basic_altar,
          mines1_david, uniq_erica
Orc:2:    hellmonk_orc_salted, layout_caves, david_defended_altar_orc

Skill      XL: |  1  2  3  4  5  6  7  8  9 10 11 12 13 14 15 16 |
---------------+-------------------------------------------------+-----
Polearms       | 3 4 5 8 10 11 14 15 16 | 16.0
Dodging        | 3 8 10 14 | 14.0
Stealth        | 2 6 8 10 | 10.0
Throwing       | 2 4 6 8 |  8.0
Fighting       | 4 6 11 14 18 | 18.0
Armour         | 4 6 8 |  8.0
Shields        | 4 6 7 10 | 10.0
Evocations     | 2 4 |  4.0
Invocations    | 4 6 |  6.0
Ice Magic      | 4 5 |  5.0
Spellcasting   | 2 4 |  4.0

Action                     |  1- 3 |  4- 6 |  7- 9 | 10-12 | 13-15 | 16-18 || total
---------------------------+-------+-------+-------+-------+-------+-------++-------
  Melee: Trident           |    86 |   129 |   425 |   599 |   202 |       ||  1441
         Bardiche          |       |       |       |   104 |       |       ||   104
         Tailslap          |       |       |       |     3 |       |       ||     3
         Demon trident     |       |       |       |       |  1095 |   488 ||  1583
  Throw: Stone             |     5 |       |       |       |       |       ||     5
         Dart              |       |     6 |       |   209 |   317 |    79 ||   611
         Boomerang         |       |    16 |   134 |       |       |     1 ||   151
 Invoke: Heroism           |       |       |       |     3 |    10 |     2 ||    15
         Finesse           |       |       |       |     1 |     9 |     2 ||    12
  Evoke: Wand              |       |       |     7 |     1 |     4 |       ||    12
    Use: Scroll            |       |       |    16 |    23 |    14 |     3 ||    56
         Potion            |       |       |     6 |     6 |     9 |     3 ||    24
   Stab: Confused          |       |       |       |     1 |       |       ||     1
         Petrifying        |       |       |       |     1 |       |       ||     1
         Invisible         |       |       |       |       |     5 |       ||     5
         Distracted        |       |       |       |       |       |     1 ||     1
 Armour: Scale mail        |    25 |    10 |       |       |       |       ||    35
         Ring mail         |       |    33 |    93 |       |       |       ||   126
         Plate armour      |       |       |       |   176 |   342 |   143 ||   661
  Dodge: Dodged            |    24 |    52 |   135 |    97 |   187 |   109 ||   604
  Block: Buckler           |    12 |    28 |    71 |     8 |       |       ||   119
         Tower shield      |       |       |       |   488 |  1360 |   568 ||  2416

Table legend: (Time is in decaauts)
 A = Elapsed time spent in this place.
 B = Non-inter-level travel time spent in this place.
 C = Inter-level travel time spent in this place.
 D = Time resting spent in this place.
 E = Time spent auto-exploring this place.
 F = Levels seen in this place.
 G = Mean time per level.
                   A        B        C        D        E       F      G
               +--------+--------+--------+--------+--------+-----+--------+
         Total |  32256 |  29247 |   3009 |   2907 |  20231 |  27 | 1194.7 |
       Dungeon |  20666 |  18422 |   2244 |   1667 |  13214 |  15 | 1377.7 |
        Temple |     58 |     19 |     39 |      0 |      6 |   1 |   58.0 |
          Lair |   6615 |   6071 |    544 |    857 |   3755 |   5 | 1323.0 |
   Spider Nest |   1229 |   1223 |      6 |    103 |    894 |   2 |  614.5 |
  Orcish Mines |   2895 |   2721 |    174 |    279 |   1898 |   2 | 1447.5 |
         Sewer |    161 |    161 |      0 |      0 |    117 |   1 |  161.0 |
      Ice Cave |    627 |    627 |      0 |      0 |    346 |   1 |  627.0 |
               +--------+--------+--------+--------+--------+-----+--------+

Top non-repeatable levels by time:
     D:6: 1896 daAuts
  Lair:2: 1861 daAuts
   Orc:2: 1789 daAuts
    D:11: 1760 daAuts
     D:4: 1682 daAuts
    D:12: 1652 daAuts
    D:14: 1613 daAuts
     D:8: 1536 daAuts
    D:13: 1415 daAuts
    D:15: 1369 daAuts
  Lair:5: 1339 daAuts
     D:3: 1298 daAuts
     D:7: 1235 daAuts
     D:5: 1222 daAuts
  Lair:3: 1211 daAuts
